 Dungeon Crawl Stone Soup version 0.26.0-3-g156281e41b (webtiles) character file.

Game seed: 1505384018546477666

240 guppyfry the Vexing (level 5, -4/25 HPs)
             Began as a Spriggan Arcane Marksman on Jan 9, 2021.
             Shot with an arrow by a centaur (9 damage)
             ... on level 5 of the Dungeon.
             The game lasted 00:36:57 (6353 turns).

guppyfry the Vexing (Spriggan Arcane Marksman)      Turns: 6353, Time: 00:36:57

Health: -4/25      AC:  3    Str:  6    XL:     5   Next: 80%
Magic:  10/10      EV: 20    Int: 14    God:
Gold:   228        SH:  0    Dex: 24    Spells: 7/10 levels left

rFire    . . .     SeeInvis +   h - +1 dagger
rCold    . . .     Faith    .   (shield restricted)
rNeg     . . .     Spirit   .   e - +1 robe
rPois    .         Reflect  .   (helmet restricted)
rElec    .         Harm     .   (no cloak)
rCorr    +         Rampage  .   (gloves unavailable)
Will     .....                  (boots unavailable)
Stlth    ++........             b - amulet of the acrobat
HPRegen  0.08/turn              j - +6 ring of dexterity
MPRegen  0.12/turn              w - ring of resist corrosion

@: very quick
A: very small, unfitting armour, see invisible, speed 3, low mp 1, MP-powered
wands
a: no special abilities


You were on level 5 of the Dungeon.
You visited 1 branch of the dungeon, and saw 5 of its levels.

You collected 228 gold pieces.

Inventory:

Hand Weapons
 a - a +0 shortbow
 h - a +1 dagger (weapon)
Missiles
 d - 5 arrows
 k - a poisoned dart
 t - 3 curare-tipped darts (quivered)
 v - a throwing net
Armour
 e - a +1 robe (worn)
Jewellery
 b - an amulet of the acrobat (around neck)
 j - a +6 ring of dexterity (left hand)
 w - a ring of resist corrosion (right hand)
 x - an uncursed amulet of magic regeneration
Scrolls
 g - a scroll of remove curse
 l - a scroll of torment {unknown}
 s - a scroll of immolation
Potions
 f - 4 potions of curing
 i - 3 potions of cancellation
 o - 2 potions of flight


   Skills:
 + Level 1.2 Fighting
 + Level 1.1 Short Blades
 + Level 4.8 Bows
 + Level 0.2 Throwing
 + Level 3.6 Dodging
 + Level 0.6 Stealth
 + Level 3.3 Spellcasting
 + Level 4.9 Hexes


You had 7 spell levels left.
You knew the following spells:

 Your Spells              Type           Power        Failure   Level
a - Corona                Hex            17%          2%          1
b - Slow                  Hex            16%          4%          2

Your spell library contained the following spells:

 Spells                   Type           Power        Failure   Level
 Animate Skeleton         Necr           4%           21%         1
 Pain                     Necr           8%           21%         1
 Inner Flame              Hex/Fire       9%           22%         3
 Portal Projectile        Hex/Tloc       18%          22%         3
 Cause Fear               Hex            8%           26%         4
 Vampiric Draining        Necr           1%           52%         3
 Leda's Liquefaction      Hex/Erth       4%           58%         4
 Animate Dead             Necr           1%           90%         4
 Agony                    Necr           2%           99%         5


Dungeon Overview and Level Annotations

Branches:
Dungeon (5/15)
 Temple: D:4-7

Altars:

Annotations:
D:2 exclusion: 2 doors, Natasha
D:3 exclusion: downstairs
D:4 1 runed translucent door, Edmund; scsoc's ghost, amateur DsAK
D:5 Grinder; Ijyb; Menkaure


Innate Abilities, Weirdness & Mutations

You are very small and have problems with some larger weapons.
You are too small for most types of armour.
You have supernaturally acute eyesight. (SInv)
You cover ground extremely quickly.
Your magical capacity is low. (-10% MP)
You expend magic power (3 MP) to strengthen your wands.


Message History

A centaur comes into view.
A hound comes into view.
The centaur wields a +0 shortbow.
The centaur shoots an arrow.
The arrow barely misses you.
There is an open door here.
The centaur shoots an arrow.
The arrow hits you!
You see here 2 arrows.
d - 5 arrows (gained 2)
The centaur shoots an arrow.
The arrow hits you!
* * * LOW HITPOINT WARNING * * *
You close the door.
As you read the scroll of teleportation, it crumbles to dust.
You feel strangely unstable.
It was a potion of magic.
Magic courses through your body.
It was a potion of mutation.
You feel extremely strange.
You feel less energetic.
You feel your magical essence link to the dungeon's wands.
Your surroundings suddenly seem different.
The centaur shoots an arrow.
The arrow hits you!
You die...

....# .... .... ...# ##
######
?..##..##.#..#..## .##
...B
.................#c..#
......
...............h@#...#
..... .<.# #####..###..#
#..## ...#
#####..###..########..##
####
+.................#...##
#...........Y.....#...#.
#.................#...'.
#.....Y.........Z.'...##
#..c......s.......#...##
#####.####.##.##..###'##


You could see a sky beast, a centaur and a hound (asleep).

Vanquished Creatures
  4 worker ants (D:4)
  3 gnolls (D:4)
  4 adders
  An ufetubus (D:4)
  An ooze (D:1)
  2 worms
  2 dart slugs
  3 leopard geckos
  An orc (D:4)
  2 ball pythons
  4 bats
  A giant cockroach (D:2)
  4 goblins
  5 hobgoblins
  7 jackals
  A quokka (D:4)
  3 frilled lizards
  4 kobolds
  5 rats
57 creatures vanquished.

Notes
Turn   | Place    | Note
-------+----------+-------------------------------------------
     0 | D:1      | guppyfry the Spriggan Arcane Marksman began the quest for
                  | the Orb.
     0 | D:1      | Reached XP level 1. HP: 9/9 MP: 3/3
    92 | D:1      | Reached XP level 2. HP: 14/14 MP: 5/5
   140 | D:1      | Learned a level 2 spell: Slow
   609 | D:1      | You fall into a shaft and drop 1 floor!
   742 | D:1      | Reached XP level 3. HP: 17/17 MP: 4/6
  1028 | D:2      | Noticed Natasha
  2810 | D:3      | Reached skill level 1 in Short Blades
  2810 | D:3      | Reached XP level 4. HP: 16/21 MP: 6/8
  3149 | D:4      | Found a runed translucent door.
  3157 | D:4      | Reached skill level 1 in Fighting
  3476 | D:4      | Noticed scsoc's ghost (amateur DsAK)
  3753 | D:4      | Reached XP level 5. HP: 21/25 MP: 6/10
  5564 | D:5      | Entered Level 5 of the Dungeon
  5564 | D:5      | Noticed Menkaure
  5564 | D:5      | Noticed Grinder
  5839 | D:5      | Noticed Ijyb
  5839 | D:5      | Noticed Edmund
  6299 | D:5      | Noticed a sky beast
  6337 | D:5      | Noticed a centaur
  6353 | D:5      | Gained mutation: Your magical capacity is low. (-10% MP)
                  | [potion of mutation]
  6353 | D:5      | Gained mutation: You expend magic power (3 MP) to
                  | strengthen your wands. [potion of mutation]
  6353 | D:5      | Shot with an arrow by a centaur

Illustrated notes

Levels and vault maps discovered:
D:1:      amcnicky_arrival_underground_garden, layout_rooms,
          minmay_misc_feat_enclosed
D:2:      layout_basic, serial_aquarium, aquarium_bridge_square
          [aquarium_subvault_window, aquarium_subvault_window,
          aquarium_subvault_wall, aquarium_subvault_bridge],
          aquarium_window_corridor_1, aquarium_window_fake, aquarium_view_2c,
          aquarium_view_2b, aquarium_balcony_1a, hangedman_decor_peaks_small,
          uniq_natasha
D:3:      layout_loops_ring, minmay_misc_feat_four_crosses
D:4:      layout_loops_cross, ebering_ghost_sewer_d
D:5:      layout_gridville, uniq_ijyb, uniq_menkaure, uniq_edmund, uniq_grinder

Skill      XL: |  1  2  3  4  5 |
---------------+----------------+-----
Hexes          | 4 |  4.9
Bows           | 3 4 |  4.8
Spellcasting   | 2 3 |  3.3
Short Blades   | 1 |  1.1
Fighting       | 1 |  1.2
Throwing       | |  0.2
Dodging        | |  3.6
Stealth        | |  0.6

Action                   |  1- 3 |  4- 6 || total
-------------------------+-------+-------++-------
Melee: Dagger            |    69 |    85 ||   154
 Fire: Shortbow          |   112 |    68 ||   180
Throw: Dart              |     2 |    18 ||    20
 Cast: Corona            |    38 |    27 ||    65
       Slow              |     5 |    25 ||    30
  Use: Scroll            |     4 |     8 ||    12
       Potion            |     1 |     4 ||     5
 Stab: Sleeping          |       |     1 ||     1
Armor: Robe              |     7 |     2 ||     9
Dodge: Dodged            |    91 |    97 ||   188
